Cogmind - Beta 17 @@@ ROGUE MODE // 2026.07.05 @ 16:55:31 Player: JuustuToug Result: Destroyed by P-80 Master with Gamma Rifle Performance ------------- Evolutions (9) 4500 Regions Visited (26) 5200 Robots Destroyed (478) 2390 Value Destroyed (18286) 18286 Prototype IDs (103) 2060 Alien Tech Used (2) 400 Bonus (5720) 5720 TOTAL SCORE: 38556 Bonus ------- High Alert Combat Kills 1538 Follower Combat Kills 1443 Registered with UFD 300 Met Optimus in HQ 500 Met Zhirov 300 MAIN.C Attacked Warlord 500 Warlord Defense Kills 1540 Friendly Fire -401 Cogmind --------- Core Integrity 0/1600 Matter 164/300 Energy 52/100 System Corruption 72% Temperature Cool (0) Movement Core (50) Location -1/Command Parts ------- > --- POWER (2) -------- (None) > --- PROPULSION (6) --- (None) > --- UTILITY (14) ----- (None) > --- WEAPON (4) ------- (None) > --- INVENTORY (5) ---- Compact Wheel Seismic Detector Compact HERF Cannon Advanced Micro-nuke Launcher Vortex Lance (40) Peak State ------------ > --- POWER ------------ Vortex Chain Reactor > --- PROPULSION ------- Wheel Compact Wheel Overtuned Huge Scrapsphere Overtuned Huge Scrapsphere > --- UTILITY ---------- Advanced Cryofiber Web Experimental Heat Sink Huge Storage Unit Machine Analyzer Advanced Signal Interpreter Seismic Detector Experimental Targeting Computer Experimental Core Analyzer Advanced Transmission Jammer SHELL Armor Graphene Brace Advanced Shield Generator > --- WEAPON ----------- Cooled Phase Gun Cooled Phase Gun Helical Railgun Helical Railgun > --- INVENTORY -------- Quantum Reactor Quantum Reactor Quantum Reactor Wheel Compact Wheel Advanced Heat Sink Experimental Energy Well Experimental Matter Compressor Structural Scanner Experimental Sensor Array Advanced ECM Suite Thermal Barrier Long-range Tractor Beam Transdimensional Reconstructor Phase Gun Enhanced Quantum Rifle Enhanced Nova Cannon Railgun Omega Cannon Gamma Bomb Array Advanced Micro-nuke Launcher Z-bomb Delivery System RU-N14's Throwing Claymores v3 Vortex Lance [Rating: 190] Favorites ----------- Power Cooled Ion Engine Engine Cooled Ion Engine Power Core Fission Core Reactor Vortex Chain Reactor Propulsion Light Treads Treads Light Treads Leg Enhanced Flexi-carbon Leg Wheel Wheel Flight Unit Improved Diametric Drive Utility Huge Storage Unit Device Seismic Detector Storage Huge Storage Unit Processor Improved Targeting Computer Hackware Hacking Suite Protection Heavy Armor Plating Weapon Heavy Assault Rifle Energy Gun Heavy Particle Gun Energy Cannon Beam Cannon Ballistic Gun Heavy Assault Rifle Ballistic Cannon Omega Cannon Launcher Improved Proton Missile Launcher Special Weapon CPS Tube Impact Weapon Heavy Hammer Slashing Weapon Mining Claw Piercing Weapon Plasma Lance Build | -11 -10 -10 -9 -9 -8 -8 -8 -8 -6 -6 -6 -5 -5 -5 -5 -4 -4 -4 -4 -4 -3 -3 -3 -2 -1 -1 ------- Run | Yrd Mat Min Mat Min Mat Sto Rec Scr Fac Was Fac Fac Upp Upp Zhi Pro Fac Upp Upp War Pro Res Tes Res Acc Com Slots Evolved 18 | . . . 2 . 2 . . . 4 . . 2 . . . . 2 . . . . 2 . 2 2 . Power 1 | . . . . . . . . . . . . . . . . . 1 . . . . . . . . . Propulsion 4 | . . . . . . . . . 1 . . . . . . . . . . . . 1 . . 2 . Utility 11 | . . . 1 . 2 . . . 3 . . 1 . . . . 1 . . . . 1 . 2 . . Weapon 2 | . . . 1 . . . . . . . . 1 . . . . . . . . . . . . . . Parts Attached 315 | 8 7 2 27 4 15 18 . 6 23 1 64 10 4 3 2 1 6 7 4 20 4 6 20 7 32 14 Power 29 | 2 . . 3 . . 2 . . . . 7 1 . . 1 . 1 . . 1 . . 3 1 5 2 Engine 12 | 2 . . 3 . . 2 . . . . 4 1 . . . . . . . . . . . . . . Core 2 | . . . . . . . . . . . 2 . . . . . . . . . . . . . . . Reactor 15 | . . . . . . . . . . . 1 . . . 1 . 1 . . 1 . . 3 1 5 2 Propulsion 59 | 2 1 . 4 . 5 2 . 2 5 . 18 . 1 . . . . . . . . 1 . . 12 6 Treads 15 | 2 1 . 4 . 5 2 . . . . 1 . . . . . . . . . . . . . . . Leg 1 | . . . . . . . . . 1 . . . . . . . . . . . . . . . . . Wheel 42 | . . . . . . . . 2 3 . 17 . 1 . . . . . . . . 1 . . 12 6 Hover . | . . . . . . . . . . . . . . . . . . . . . . . . . . . Flight 1 | . . . . . . . . . 1 . . . . . . . . . . . . . . . . . Utility 125 | 2 3 2 10 4 6 5 . 1 14 . 20 5 1 1 1 . 3 7 2 10 3 3 9 5 6 2 Device 61 | 1 . 2 1 3 1 1 . 1 7 . 10 2 1 . . . 2 5 1 5 2 1 4 4 5 2 Storage 12 | 1 1 . 4 . . 1 . . 1 . . . . . . . . . . 1 . 1 2 . . . Processor 10 | . . . . . 1 . . . . . 1 1 . 1 . . . . . 3 . 1 . 1 1 . Hackware 5 | . . . 1 . . . . . 1 . 1 . . . . . 1 . 1 . . . . . . . Protection 37 | . 2 . 4 1 4 3 . . 5 . 8 2 . . 1 . . 2 . 1 1 . 3 . . . Artifact . | . . . . . . . . . . . . . . . . . . . . . . . . . . . Weapon 102 | 2 3 . 10 . 4 9 . 3 4 1 19 4 2 2 . 1 2 . 2 9 1 2 8 1 9 4 Energy Gun 32 | . 1 . 2 . 1 3 . 2 . . 4 2 1 1 . 1 1 . . 1 . 2 4 . 4 2 Energy Cannon 9 | . 1 . . . . . . . 1 . 2 . . . . . . . . 2 . . 1 . . 2 Ballistic Gun 39 | 2 . . 7 . 2 3 . 1 2 . 10 2 . 1 . . 1 . 1 2 1 . . . 4 . Ballistic Cannon 1 | . . . . . . . . . . . . . . . . . . . . . . . 1 . . . Launcher 9 | . 1 . 1 . . 1 . . . 1 . . . . . . . . 1 1 . . 2 1 . . Special Weapon 6 | . . . . . . 1 . . . . 2 . . . . . . . . 2 . . . . 1 . Impact Weapon 2 | . . . . . 1 1 . . . . . . . . . . . . . . . . . . . . Slashing Weapon 1 | . . . . . . . . . . . . . 1 . . . . . . . . . . . . . Piercing Weapon 3 | . . . . . . . . . 1 . 1 . . . . . . . . 1 . . . . . . Special Melee Weapon . | . . . . . . . . . . . . . . . . . . . . . . . . . . . Unidentified Prototypes 55 | . . 1 2 1 . 5 . . 7 . 8 1 . . 3 . . 1 . 11 . . 13 . 1 1 Corrupted Parts 4 | . . . . . . . . . 1 . 1 . . . . . . . . . . . . . 2 . System Corruption 18 | . . . . . . . . . 3 . 1 . . . . . . . . . . . . . 14 . Parts Lost 106 | . 1 . 1 . 1 3 . . . . 41 6 . . . . . 2 1 3 1 1 1 1 19 24 Power 8 | . . . . . . . . . . . 4 . . . . . . . 1 . . . . . . 3 Propulsion 30 | . 1 . . . . . . . . . 12 . . . . . . . . . . . . . 10 7 Utility 33 | . . . 1 . 1 1 . . . . 13 2 . . . . . 1 . 1 1 . 1 1 3 7 Weapon 35 | . . . . . . 2 . . . . 12 4 . . . . . 1 . 2 . 1 . . 6 7 Highest Loss Streak 24 | . 1 . 1 . 1 2 . . . . 17 2 . . . . . 2 1 3 1 1 1 1 4 24 To Critical Strikes . | . . . . . . . . . . . . . . . . . . . . . . . . . . . Average Backups 21 | 2 13 15 20 25 24 24 22 21 22 25 21 22 21 21 21 22 21 21 22 23 21 22 24 23 22 22 Power 1 | . 1 1 1 1 1 1 1 . 1 1 1 1 2 2 1 1 . 1 . 1 2 2 1 1 2 1 Propulsion 2 | . 3 3 5 5 4 4 3 2 . 2 2 2 2 1 1 1 1 1 1 1 1 . . 2 1 2 Utility 9 | . 6 7 6 9 10 10 10 9 11 13 11 11 8 9 9 10 9 9 10 10 7 9 13 10 8 7 Weapon 7 | . 2 3 6 7 7 7 8 7 7 7 5 6 8 8 8 7 7 7 7 8 9 8 7 8 9 9 Tool/Special . | . . . . . . . . . . . . . . . . . . . . . . . . . . . Unused Backups 102 | . 7 1 18 3 3 14 . 3 4 1 13 . 4 . 1 1 1 . 1 4 . 2 4 4 6 7 Power 10 | . . . 2 . . 1 . . . . 1 . . . 1 . . . . . . . 2 2 1 . Propulsion 21 | . 2 . 7 2 1 2 . . 1 1 1 . 2 . . . . . . . . . . 1 . 1 Utility 44 | . 4 1 5 . 1 7 . 3 2 . 8 . 1 . . . . . 1 2 . 2 1 1 3 2 Weapon 24 | . 1 . 4 1 1 4 . . 1 . 2 . 1 . . 1 1 . . 1 . . 1 . 2 3 Tool/Special 3 | . . . . . . . . . . . 1 . . . . . . . . 1 . . . . . 1 Average Slot Usage (%) 89 | . 99 100 99 99 92 93 90 88 85 86 90 88 88 88 65 88 88 89 89 85 84 80 77 78 82 78 Engine 5 | . 14 14 10 11 9 9 9 8 6 6 1 2 5 5 5 5 5 5 . . . . . . . . Reactor 1 | . . . . . . . . . . . . . . . . . 4 5 5 5 5 4 6 8 4 2 Treads 9 | . 27 28 21 22 18 18 18 13 . . . . . . . . . . . . . . . . . . Wheel 7 | . . . . . . . . 4 19 20 17 17 12 11 11 11 10 10 10 10 10 8 9 8 16 18 Device 14 | . 13 14 11 10 9 8 9 9 18 13 15 16 17 17 17 17 20 20 22 24 24 22 19 19 20 17 Storage 7 | . 14 14 11 11 9 9 9 8 6 6 6 5 5 5 5 5 5 5 5 5 5 4 4 4 3 2 Processor 9 | . . . . . 8 9 9 9 6 6 10 11 11 12 17 17 15 15 15 15 15 17 14 15 17 18 Protection 7 | . . . 10 11 11 12 9 8 7 13 9 5 11 9 5 5 3 8 7 5 5 4 4 4 3 2 Energy Gun 10 | . . . 10 11 9 16 18 17 6 3 4 10 8 11 . 11 10 9 10 8 3 6 12 11 8 9 Ballistic Gun 11 | . 20 14 21 22 17 9 9 8 12 13 11 8 11 10 . 10 8 7 9 10 15 10 4 4 5 2 Peak Build Rating 190 | 7 8 16 21 26 32 38 35 38 62 55 69 83 87 89 91 93 108 115 113 142 142 156 177 182 190 168 Average Rating 70 | 5 7 8 17 19 28 32 34 33 53 55 56 77 78 84 69 90 102 110 110 131 138 153 166 174 172 149 On Entrance 76 | . 7 8 9 19 20 30 33 33 37 55 55 62 66 82 89 91 91 105 111 113 140 138 154 168 182 156 Avg Prop Armor Cover (%) 6 | . . . . . . . . 29 . . 6 . . . . . . . . . . . . . 2 . Naked Turns 14 | . . . . . . . . . . . . . . . . . . . . . . . . . . 14 Heaviest Build 193 | 15 33 31 105 112 113 114 113 113 143 137 138 134 128 123 120 122 138 155 148 169 159 163 187 182 193 178 Greatest Support 84 | 40 40 40 40 40 44 44 40 40 30 30 36 24 28 28 28 28 28 28 28 28 28 40 40 40 72 84 Greatest Overweight (x) 36 | . . . 20 2 2 2 2 5 6 4 36 5 4 4 4 4 4 5 5 6 5 4 4 4 17 4 Average Overweight (x) 3 | . . . 1 2 2 2 2 2 3 4 3 4 4 4 3 4 4 4 4 5 5 3 3 4 2 1 Largest Inventory Capacity 25 | 8 15 15 25 25 25 25 25 25 25 25 25 25 25 25 25 25 25 25 25 25 25 25 25 25 25 25 Average Capacity 23 | 7 13 15 21 25 25 25 25 24 25 25 25 25 25 25 25 25 25 25 25 25 25 25 25 25 25 24 Most Carried 25 | 7 15 15 25 25 25 25 25 25 25 25 25 25 25 25 25 25 25 25 25 25 25 25 25 25 25 25 Average Carried 23 | 2 13 14 20 24 24 24 24 24 24 25 22 23 24 24 24 25 24 23 24 24 22 22 24 24 24 23 Final Capacity 25 | 8 15 15 25 25 25 25 25 25 25 25 25 25 25 25 25 25 25 25 25 25 25 25 25 25 25 5 Final Carried 25 | 7 15 15 25 25 25 25 25 25 25 25 25 23 25 25 25 25 25 25 25 25 22 25 25 23 24 5 Scrap Suit Usage (%) 2 | . . . . . . . . 7 1 . 2 1 8 31 10 14 . 8 33 1 1 2 . . . . Parts Cannibalized 27 | . . . . . . . . . . . 1 1 1 1 . 6 . 5 7 2 2 1 . . . . Class Distribution -------------------- 24% | Scavenger-Scrapper 20% | Scavenger-Tank 14% | Commander-Gunner 12% | Scavenger-Skirmisher 9% | Scavenger-Gunner 6% | Mutant 5% | Gunner 3% | Tank Dominant Class ---------------- Mutant | -10/Materials Mutant | -10/Mines Scavenger-Tank | -9/Materials Scavenger-Tank | -9/Mines Scavenger-Gunner | -8/Materials Gunner | -8/Storage Commander-Gunner | -8/Recycling Commander-Gunner | -8/Scraptown Commander-Gunner | -6/Factory Scavenger-Tank | -6/Waste Scavenger-Tank | -6/Factory Scavenger-Scrapper | -5/Factory Scavenger-Scrapper | -5/Upper Caves Scavenger-Scrapper | -5/Upper Caves Scavenger-Scrapper | -5/Zhirov Scavenger-Scrapper | -4/Proximity Caves Scavenger-Scrapper | -4/Factory Scavenger-Scrapper | -4/Upper Caves Scavenger-Scrapper | -4/Upper Caves Scavenger-Scrapper | -4/Warlord Scavenger-Scrapper | -3/Proximity Caves Scavenger-Skirmisher | -3/Research Scavenger-Skirmisher | -3/Testing Scavenger-Skirmisher | -2/Research Scavenger-Skirmisher | -1/Access Scavenger-Gunner | -1/Command Resources | -11 -10 -10 -9 -9 -8 -8 -8 -8 -6 -6 -6 -5 -5 -5 -5 -4 -4 -4 -4 -4 -3 -3 -3 -2 -1 -1 ----------- Run | Yrd Mat Min Mat Min Mat Sto Rec Scr Fac Was Fac Fac Upp Upp Zhi Pro Fac Upp Upp War Pro Res Tes Res Acc Com Matter Collected 17813 | 290 683 43 1377 221 661 717 43 100 940 44 3060 906 258 293 . 231 92 817 409 1055 197 360 1395 481 2819 321 Remotely 1731 | . . . . . . . . . . . . . . . . . . 32 . . . . 442 . 1257 . Salvage Created 22933 | 194 642 . 1797 277 1115 1455 51 . 604 . 3725 1451 319 199 . . 232 592 552 680 184 934 1457 1053 4977 443 Parts 1108 | 15 41 . 120 26 59 68 5 . 40 . 164 40 14 7 . . 12 29 14 22 7 29 89 55 236 16 Haulers Intercepted 19 | . 1 . 5 . 2 5 . . . . 4 . . . . . . . . . . 1 . . 1 . Recyclers Shooed 27 | 1 1 . 5 . . 1 . . . . 11 1 . . . . . . . . . 2 . . 2 3 Parts Field Recycled . | . . . . . . . . . . . . . . . . . . . . . . . . . . . Retrieved Matter . | . . . . . . . . . . . . . . . . . . . . . . . . . . . Parts Self-Destructed 62 | . . . . . . . . . . . . . 12 10 . 9 . 28 3 . . . . . . . Prevented 15 | . . . . . . . . . . . . . . . . . . . 8 . 7 . . . . . Parts Restored . | . . . . . . . . . . . . . . . . . . . . . . . . . . . Kills | -11 -10 -10 -9 -9 -8 -8 -8 -8 -6 -6 -6 -5 -5 -5 -5 -4 -4 -4 -4 -4 -3 -3 -3 -2 -1 -1 ------- Run | Yrd Mat Min Mat Min Mat Sto Rec Scr Fac Was Fac Fac Upp Upp Zhi Pro Fac Upp Upp War Pro Res Tes Res Acc Com Combat Hostiles Destroyed 305 | . 14 . 29 11 16 16 1 . 11 . 45 23 4 6 . 2 4 12 5 8 4 4 17 16 55 2 Melee 5 | . . . . . . . . . . . 2 3 . . . . . . . . . . . . . . Guns 229 | . 10 . 22 11 16 16 1 . 11 . 34 15 2 2 . . 1 9 1 8 . 3 16 12 38 1 Cannons 10 | . 4 . 1 . . . . . . . 4 . . . . . . . . . . . . . . 1 AOE 41 | . . . 6 . . . . . . . 5 4 2 4 . 2 3 3 3 . 2 . . 1 6 . Classes Destroyed 27 | 3 6 . 2 1 2 . . . 4 . 2 . 2 . . 1 . . . 3 . . 1 . . . Worker 37 | 1 . . 8 . 1 . . . 4 . 11 1 . . . . 1 . . . . 2 2 . 5 1 Builder 25 | . 1 . 2 . . 2 . . . . 8 . . . . . 1 . . . . . 5 . 6 . Tunneler 15 | 4 . . . 1 . . . . 1 . 1 . . . . . . . . . . 1 . . 7 . Hauler 19 | . 1 . 5 . 2 5 . . . . 4 . . . . . . . . . . 1 . . 1 . Recycler 29 | 1 1 . 3 . 2 4 . . . . 5 3 . . . . . . . . . 3 1 . 3 3 Minesweeper 2 | . . . . . . . . . . . . . 1 1 . . . . . . . . . . . . Mechanic 6 | . . . . . 1 1 . . . . 2 1 . . . . . . . . . . . . 1 . Operator 10 | . 1 . 3 . 2 2 . . . . . . . . . . . . . . . 1 1 . . . Drone 4 | . . . . . . . . . . . . . . . . 2 . . . . 2 . . . . . Watcher 23 | . 1 . 5 . 3 . . . . . 5 2 . . . . 1 . . . . 1 1 . 4 . Swarmer 62 | . 6 . 10 7 3 3 . . 1 . 3 4 4 4 . . 3 6 . . . . 3 5 . . Saboteur 1 | . . . . . . . . . 1 . . . . . . . . . . . . . . . . . Grunt 112 | . 8 . 9 3 8 7 . . . . 25 13 . 2 . . . 4 4 . . 1 5 4 19 . Brawler 3 | . . . . 1 . . . . . . . 1 . . . . . . . . . . . . 1 . Duelist 2 | . . . 1 . . . . . . . 1 . . . . . . . . . . . . . . . Protector 1 | . . . . . . . . . 1 . . . . . . . . . . . . . . . . . Researcher 1 | . . . . . . . . . . . . . . . . . . . . . . . 1 . . . Sentry 35 | . . . 9 . 4 5 1 . . . 5 . . . . . 1 2 1 . . . . 2 4 1 Specialist 4 | . . . . . . . . . 2 . . . . . . . . . . . . . . . 2 . Hunter 19 | . . . . . 1 1 . . 2 . 5 1 . . . . . . . . 2 3 . . 4 . Programmer 56 | . . . . . . . . . 4 . 6 4 . . . . . . . 3 . . 9 5 25 . Heavy 1 | . . . . . . . . . . . 1 . . . . . . . . . . . . . . . Behemoth 1 | . . . . . . . . . . . . . . . . . . . . 1 . . . . . . Combat Programmer 1 | . . . . . . . . . . . . . . . . . . . . . . . . . . 1 Striker 2 | . . . . . . . . . . . . . . . . . . . . 2 . . . . . . Executioner 2 | . . . . . . . . . . . . . . . . . . . . 2 . . . . . . Scrapoid 3 | . . . . . . . . . . . 1 . 1 . . . 1 . . . . . . . . . Decomposer 1 | . . . . . . . . . . . . . . . . . . 1 . . . . . . . . Packrat 1 | . . . . . . . . . . . . . 1 . . . . . . . . . . . . . Samaritan 4 | . . . . . . . . . . . . . 1 . . . . . 3 . . . . . . . Thug 2 | . . . . . . . . . . . . . . . . . . . . 2 . . . . . . Best Kill Streak 18 | 5 3 . 6 4 3 4 1 . 7 . 13 5 3 4 . 2 5 5 4 3 3 8 4 8 18 3 Combat Bots Only 8 | . 3 . 4 4 3 4 1 . 7 . 7 5 2 4 . 2 3 5 4 3 3 3 3 8 8 1 Max Kills in Single Turn 5 | 1 1 . 5 2 1 2 1 . 2 . 4 3 2 2 . 1 4 3 2 2 1 2 2 2 2 1 Gunslinging 1 | . . . . . . 1 . . 1 . . . . . . . . 1 . . . . 1 1 1 . Exploded 4 | . . . 4 . . . . . . . 2 3 2 2 . 1 2 3 2 . 1 . . 1 2 . Melee 1 | . . . . . . . . . . . 1 1 . . . . . . . . . . . . . . Uniques/NPCs Destroyed . | . . . . . . . . . . . . . . . . . . . . . . . . . . . Combat | -11 -10 -10 -9 -9 -8 -8 -8 -8 -6 -6 -6 -5 -5 -5 -5 -4 -4 -4 -4 -4 -3 -3 -3 -2 -1 -1 -------- Run | Yrd Mat Min Mat Min Mat Sto Rec Scr Fac Was Fac Fac Upp Upp Zhi Pro Fac Upp Upp War Pro Res Tes Res Acc Com Hostile Shots Fired 2499 | . 76 . 84 36 93 108 . . 90 . 845 117 2 14 . . 12 35 24 113 32 70 82 66 480 120 Missed 776 | . 19 . 24 10 21 30 . . 27 . 280 21 1 6 . . 2 5 8 43 12 25 32 23 172 15 Intercepted 13 | . . . . . . . . . . . . . . . . . . . . . . . . . . 13 Hits 1723 | . 57 . 60 26 72 78 . . 63 . 565 96 1 8 . . 10 30 16 70 20 45 50 43 308 105 Melee 3 | . . . . . . . . . . . 3 . . . . . . . . . . . . . . . Projectile 1720 | . 57 . 60 26 72 78 . . 63 . 562 96 1 8 . . 10 30 16 70 20 45 50 43 308 105 AOE 24 | . . . . . . . . . . . . . . . . . . . . . . . . . 1 23 Critical Strikes 79 | . . . 1 . 5 2 . . 2 . 11 5 . . . . . 1 1 5 1 . 4 2 23 16 Actively Blocked 33 | . . . . . . . . . . . . . . . . . . . . . . . . . 20 13 Part Disruptions 12 | . . . . . . . . . . . . . . . . . . . . . . . 2 2 6 2 Damage Taken 29596 | . 584 . 729 263 907 1151 . . 1004 . 6989 1791 77 137 . . 213 629 331 1244 301 599 835 748 6122 4942 Core 3431 | . 110 . 99 18 77 100 . . 40 . 787 179 . 18 . . 42 72 . 137 . 42 65 35 226 1384 Absorbed by Shields 2984 | . . . . . . . . . 24 . . . . . . . . . . 311 45 207 297 249 1579 272 Regen/Repaired (Parts) 5089 | . 125 . 46 . . 118 . . . . 322 9 3 10 . 47 . 16 54 78 20 10 482 343 3226 180 Core Remaining (%) 71 | 100 . 56 . 70 . . . 67 . . 2 . . . . 80 . . . . 78 . 91 97 . . Volleys Fired 1103 | 17 74 1 87 16 61 71 2 . 42 . 203 52 19 17 . 3 8 25 12 24 6 26 89 36 169 43 Largest 4 | 2 2 2 3 3 3 3 3 . 3 . 3 4 4 4 . 1 4 4 4 4 1 4 4 4 4 4 Hottest 319 | 40 80 80 102 102 102 135 133 . 115 . 190 220 231 258 . 39 258 263 263 276 43 259 272 116 259 319 Shots Fired 2972 | 34 147 2 245 48 183 203 6 . 121 1 517 173 37 37 . 3 19 79 36 85 6 93 234 108 468 87 Gun 2810 | 34 129 1 236 48 183 203 6 . 119 1 476 164 28 33 . . 17 74 32 81 . 91 232 104 442 76 Cannon 79 | . 17 1 3 . . . . . 2 . 28 4 7 . . . . 4 . 3 . 2 . . . 8 Launcher 74 | . 1 . 6 . . . . . . . 10 5 2 4 . 3 2 1 4 . 6 . 2 4 24 . Special 9 | . . . . . . . . . . . 3 . . . . . . . . 1 . . . . 2 3 Kinetic 1560 | 34 129 1 158 32 122 93 2 . 79 1 364 83 17 14 . . 6 36 16 49 . 53 58 24 174 15 Thermal 1328 | . 17 1 81 16 61 110 4 . 42 . 140 85 18 19 . . 11 42 16 35 . 40 173 80 268 69 Explosive 48 | . 1 . 6 . . . . . . . 10 5 2 4 . 3 2 1 . . . . 2 . 9 3 Electromagnetic 32 | . . . . . . . . . . . . . . . . . . . 4 . 6 . 1 4 17 . Robot Hit Streak 37 | 5 15 16 18 14 37 19 7 . 14 . 23 14 7 13 . . 13 15 13 14 . 8 34 18 35 11 Robot Miss Streak 12 | 2 3 1 2 2 3 3 1 . 4 . 7 4 2 2 . . . 3 3 3 . 3 4 5 8 12 Penetration Max 2 | . . . . . . . . . 1 . 1 1 1 . . . . . . 1 . 2 1 . 2 . Secondary Targets 53 | . 1 . 1 2 3 4 . . 3 . 7 2 . . . . . 1 . 4 . 2 6 2 15 . Max Gunslinging Chain 2 | . 1 . 1 1 1 1 . . 1 . 1 1 . . . . . 1 . 1 . 1 1 1 2 . Shots Hit Robots 1868 | 23 95 1 154 23 133 157 3 . 75 . 385 123 15 18 . . 9 39 21 62 . 56 126 54 256 40 Core Hits 976 | 7 31 . 80 15 52 54 1 . 33 . 195 61 12 11 . 1 16 26 17 26 3 29 54 40 189 23 Critical Kills 11 | . . . . . 1 . . . 3 . 1 . . . . . . . . 1 . 1 . . 4 . Critical Parts Destroyed 13 | . . . . . . . . . . . 3 3 . 1 . . . 1 . . . 1 1 . 3 . Critical Strikes 94 | . . . 6 1 5 6 . . 6 . 11 12 . 1 . . . 4 2 9 . 5 6 6 10 4 Burn 60 | . . . 6 1 4 6 . . 3 . 4 5 . . . . . 3 2 8 . 3 5 6 3 1 Destroy 26 | . . . . . 1 . . . 3 . 5 4 . 1 . . . 1 . 1 . 2 1 . 7 . Blast 1 | . . . . . . . . . . . . . . . . . . . . . . . . . . 1 Sever 2 | . . . . . . . . . . . . . . . . . . . . . . . . . . 2 Impale 5 | . . . . . . . . . . . 2 3 . . . . . . . . . . . . . . Melee Attacks 49 | . . . . . 1 . . . . . 22 21 . . . . 4 1 . . . . . . . . Impact 1 | . . . . . 1 . . . . . . . . . . . . . . . . . . . . . Slashing . | . . . . . . . . . . . . . . . . . . . . . . . . . . . Piercing 48 | . . . . . . . . . . . 22 21 . . . . 4 1 . . . . . . . . Sneak Attacks 13 | . . . . . . . . . . . 9 4 . . . . . . . . . . . . . . Combat Hostiles . | . . . . . . . . . . . . . . . . . . . . . . . . . . . Follow-up Attacks . | . . . . . . . . . . . . . . . . . . . . . . . . . . . Damage Inflicted 56271 | 282 1339 17 2761 439 1968 2501 57 . 1728 . 11350 3840 677 833 . 117 596 1253 845 2039 308 1589 4612 2155 12853 2112 Guns 41687 | 282 1005 . 2162 384 1965 2501 54 . 1728 . 7388 2361 312 382 . . 204 952 466 2039 . 1589 4612 1643 8206 1452 Cannons 1906 | . 265 17 53 . . . . . . . 1039 . 40 . . . . . . . . . . . . 492 Explosions 10720 | . 65 . 517 . . . . . . . 1990 795 325 451 . 117 392 301 379 . 308 . . 512 4531 37 Melee 1617 | . . . . . . . . . . . 933 684 . . . . . . . . . . . . . . Ramming 94 | . 4 . 29 55 3 . 3 . . . . . . . . . . . . . . . . . . . Kinetic 21321 | 282 1005 . 1307 205 1227 1048 12 . 1194 . 5689 1067 195 162 . . 64 337 216 1166 . 963 1050 413 3255 464 Thermal 22292 | . 265 17 908 179 738 1453 42 . 534 . 2758 1294 157 220 . . 140 615 250 873 . 626 3562 1230 4951 1480 Explosive 7521 | . 65 . 517 . . . . . . . 1970 795 325 451 . 117 392 301 . . . . . . 2551 37 Electromagnetic 3179 | . . . . . . . . . . . . . . . . . . . 379 . 308 . . 512 1980 . Impact . | . . . . . . . . . . . . . . . . . . . . . . . . . . . Slashing 247 | . . . . . . . . . . . . . . . . . . . . . . . . . 116 131 Piercing 1617 | . . . . . . . . . . . 933 684 . . . . . . . . . . . . . . Highest Corruption 72 | . . . . . . . . . 5 4 8 8 8 8 8 8 . . . 1 1 . 13 4 56 72 Average Corruption 11 | . . . . . . . . . 3 4 6 5 8 8 8 8 . . . 1 1 . 8 2 28 57 Corruption Purged 1 | . . . . . . . . . 1 . . . . . . . . . . . . . . . . . Corruption Blocked . | . . . . . . . . . . . . . . . . . . . . . . . . . . . Effects 427 | . . . . . . . . . 14 8 88 33 18 20 7 15 . . . 5 7 . 33 9 132 38 Message Errors 82 | . . . . . . . . . 4 3 20 4 3 3 3 2 . . . . 3 . 8 2 22 5 Matter Fused 94 | . . . . . . . . . 5 3 19 7 6 6 1 4 . . . 1 3 . 7 2 21 9 Heat Flow Errors 47 | . . . . . . . . . . 1 9 6 . 4 . 1 . . . . . . 5 2 15 4 Energy Discharges 36 | . . . . . . . . . 1 . 10 4 1 1 . 2 . . . 1 . . 3 1 8 4 Parts Rejected 8 | . . . . . . . . . . . 4 . . . . 1 . . . . . . . . 1 2 Parts Fused 4 | . . . . . . . . . . . . . 1 1 . 2 . . . . . . . . . . Data Loss (minor) 53 | . . . . . . . . . 2 . 8 8 3 3 2 3 . . . . 1 . 2 1 18 2 Data Loss (major) 17 | . . . . . . . . . 1 . 3 . 2 . 1 . . . . 1 . . 2 . 7 . Misfires 10 | . . . . . . . . . . 1 4 . 1 2 . . . . . 1 . . 1 . . . Alerts 12 | . . . . . . . . . . . 2 2 1 . . . . . . 1 . . 2 1 3 . Misdirections 10 | . . . . . . . . . . . . . . . . . . . . . . . . . 9 1 Weapon Failures 54 | . . . . . . . . . 1 . 9 2 . . . . . . . . . . 3 . 28 11 Overload Shots 134 | . . . . . . . . . . . . . . . . . . . . . . . 54 6 55 19 Effects 8 | . . . . . . . . . . . . . . . . . . . . . . . 2 . 6 . Energy Bleed 3 | . . . . . . . . . . . . . . . . . . . . . . . 1 . 2 . Heat Surge 4 | . . . . . . . . . . . . . . . . . . . . . . . 1 . 3 . Short Circuit 1 | . . . . . . . . . . . . . . . . . . . . . . . . . 1 . Overflow Damage 1107 | . . . 18 . . . . . . . 321 103 30 53 . 10 . 23 . . 42 . . . 507 . Projectiles 38 | . . . . . . . . . . . 8 . 30 . . . . . . . . . . . . . Explosions 691 | . . . 18 . . . . . . . 36 2 . 53 . 10 . 23 . . 42 . . . 507 . Melee 378 | . . . . . . . . . . . 277 101 . . . . . . . . . . . . . . Knockbacks 2 | . . . . . . . . . . . . . . . . . . . . . . . . . . 2 Impact . | . . . . . . . . . . . . . . . . . . . . . . . . . . . Kinetic 2 | . . . . . . . . . . . . . . . . . . . . . . . . . . 2 Secondary . | . . . . . . . . . . . . . . . . . . . . . . . . . . . Self-Inflicted Damage 282 | . . . 10 . . . . . . . . . 61 . . . . 37 . . . . . . 174 . Shots 10 | . . . 1 . . . . . . . . . 1 . . . . 1 . . . . . . 7 . Rammed 12 | . 2 . 4 4 1 . 1 . . . . . . . . . . . . . . . . . . . Targets Rammed 12 | . 2 . 4 4 1 . 1 . . . . . . . . . . . . . . . . . . . Kicked . | . . . . . . . . . . . . . . . . . . . . . . . . . . . Crushed . | . . . . . . . . . . . . . . . . . . . . . . . . . . . Highest Temperature 332 | . 148 18 108 95 108 198 33 . 114 135 332 259 172 268 . 72 205 288 233 26 . 195 253 143 213 120 Average Temperature 66 | . 40 12 26 38 31 50 17 . 45 69 88 117 75 112 . 46 91 99 94 14 . 36 81 63 84 59 Received Heat Transfer 4555 | . 195 . 264 60 351 432 . . 39 . 1825 408 . 9 . . 27 94 123 164 . 23 47 12 317 165 Effects 1 | . . . . . . . . . . . . . . . . . . 1 . . . . . . . . Interference 1 | . . . . . . . . . . . . . . . . . . 1 . . . . . . . . Siege Activations . | . . . . . . . . . . . . . . . . . . . . . . . . . . . Martial Activations . | . . . . . . . . . . . . . . . . . . . . . . . . . . . Shielding Activations . | . . . . . . . . . . . . . . . . . . . . . . . . . . . Robots Disrupted . | . . . . . . . . . . . . . . . . . . . . . . . . . . . Combat Hostiles . | . . . . . . . . . . . . . . . . . . . . . . . . . . . Robots Corrupted 17 | . . . . . . . . . . . . . . . . . . . 1 . 2 . . 3 11 . Combat Hostiles 17 | . . . . . . . . . . . . . . . . . . . 1 . 2 . . 3 11 . Parts Fried 36 | . . . . . . . . . . . . . . . . . . . 3 . 3 . . 10 20 . Impact Corruptions . | . . . . . . . . . . . . . . . . . . . . . . . . . . . Robots Melted 3 | . . . . . . . . . . . . 1 . . . . . . . . . 1 1 . . . Combat Hostiles 3 | . . . . . . . . . . . . 1 . . . . . . . . . 1 1 . . . Parts Melted 89 | . . . 3 1 3 6 . . 1 . 6 7 . 6 . . . 5 1 5 . 9 10 9 15 2 Heat Transferred 39126 | . 555 37 2738 518 2183 3737 74 . 965 . 4969 3450 287 450 . . 250 1400 650 1975 . 1229 4465 2035 5957 1202 Parts Sabotaged . | . . . . . . . . . . . . . . . . . . . . . . . . . . . Parts Stolen . | . . . . . . . . . . . . . . . . . . . . . . . . . . . Parts Stripped . | . . . . . . . . . . . . . . . . . . . . . . . . . . . Power Chain Reactions . | . . . . . . . . . . . . . . . . . . . . . . . . . . . Alert | -11 -10 -10 -9 -9 -8 -8 -8 -8 -6 -6 -6 -5 -5 -5 -5 -4 -4 -4 -4 -4 -3 -3 -3 -2 -1 -1 ------- Run | Yrd Mat Min Mat Min Mat Sto Rec Scr Fac Was Fac Fac Upp Upp Zhi Pro Fac Upp Upp War Pro Res Tes Res Acc Com Maximum Alert Level 4 | . . . 1 . . . . . 1 . 3 2 . . . . 1 . . . . . 1 1 4 3 Low Security (%) 64 | 100 100 100 36 100 100 100 100 . 49 100 51 . . . . . . . . . . 100 70 67 19 . Level 1 20 | . . . 63 . . . . . 50 . 12 21 . . . . 100 . . . . . 29 32 25 . Level 2 10 | . . . . . . . . . . . 23 78 . . . . . . . . . . . . 26 17 Level 3 5 | . . . . . . . . . . . 12 . . . . . . . . . . . . . 24 82 Level 4 . | . . . . . . . . . . . . . . . . . . . . . . . . . 4 . Level 5 . | . . . . . . . . . . . . . . . . . . . . . . . . . . . High Security . | . . . . . . . . . . . . . . . . . . . . . . . . . . . Max Security . | . . . . . . . . . . . . . . . . . . . . . . . . . . . Peak Influence 1262 | 15 106 28 393 180 149 134 53 . 349 100 869 699 . . . . 367 . . . . 155 260 277 1262 802 Initial 802 | . . 28 . 150 . 35 2 . . 100 . 419 . . . . 300 . . . . 150 54 132 139 802 Average 192 | 2 42 2 209 58 67 34 10 . 181 34 296 480 . . . . 264 . . . . 120 126 152 497 725 Influence Increases 13078 | 30 480 . 1249 371 632 573 257 . 800 . 2217 870 318 244 . 109 523 280 110 340 60 360 701 472 1982 100 Destroy 0b10 Robot/C 6900 | . 280 . 580 260 360 320 20 . 360 . 1220 500 200 180 . 80 100 240 100 160 40 80 360 320 1100 40 Destroy 0b10 Robot/NC 880 | 30 25 . 130 5 55 70 . . 50 . 180 35 5 5 . 10 15 . . . 10 45 55 . 135 20 Destroy Leader 1460 | . 74 . 200 40 110 90 . . 86 . 318 94 10 20 . 10 22 10 10 . 10 14 62 60 210 10 Allied During Kill 434 | . . . . 21 3 . . . 114 . 111 25 103 39 . 9 9 . . . . . . . . . Successful Hack 437 | . 16 . 107 . 26 14 27 . 54 . 30 74 . . . . . . . . . 42 45 2 . . Select Force Hacks 380 | . 60 . 60 . 30 . 210 . . . . . . . . . 20 . . . . . . . . . Disable Machine 510 | . . . 60 30 45 45 . . 45 . 75 15 . . . . 15 . . . . . 105 . 75 . Destroy Structure 907 | . 10 . 52 . 3 4 . . 61 . 88 112 . . . . 42 . . . . 14 74 30 387 30 Advance Influence 450 | . . . . . . . . . . . . . . . . . 300 . . . . 150 . . . . Partial Spotted 75 | . . . . . . . . . 30 . . . . . . . . . . . . 15 . 15 15 . Lose Combat Pursuer 645 | . 15 . 60 15 . 30 . . . . 195 15 . . . . . 30 . 180 . . . 45 60 . Influence Decreases 12622 | 30 406 74 862 758 546 652 264 . 513 287 1360 1032 480 456 321 109 306 431 176 159 241 264 560 477 960 898 Entered New Map 2613 | . . 46 . 237 . 51 5 . . 187 . 438 258 102 321 . . 82 13 . 181 . 42 105 93 452 Time Decay 8043 | 30 396 28 712 521 516 517 259 . 328 100 593 534 222 294 . 109 206 329 153 129 60 254 508 362 677 206 Search Patrol Dispatched 100 | . . . . . . . . . . . . . . . . . 100 . . . . . . . . . Lost Part 1033 | . 10 . . . 10 26 . . . . 407 60 . . . . . 20 10 30 . 10 10 10 190 240 Lost Ally 625 | . . . . . 20 . . . 185 . 360 . . 60 . . . . . . . . . . . . Purge Threat 208 | . . . 150 . . 58 . . . . . . . . . . . . . . . . . . . . Squads Dispatched 102 | . 4 . 6 . 8 5 . . 6 . 28 10 . . . . 6 . . . . 4 4 2 19 . Investigation 28 | . 3 . 2 . 2 2 . . 2 . 7 6 . . . . 3 . . . . 1 . . . . Extermination 27 | . . . . . . . . . 2 . 7 3 . . . . 1 . . . . 1 3 2 8 . Reinforcement 26 | . 1 . 4 . 2 2 . . 2 . 4 1 . . . . 2 . . . . 2 1 . 5 . Assault 4 | . . . . . . . . . . . 1 . . . . . . . . . . . . . 3 . Garrison 17 | . . . . . 4 1 . . . . 9 . . . . . . . . . . . . . 3 . Intercept . | . . . . . . . . . . . . . . . . . . . . . . . . . . . Searches Triggered 1 | . . . . . . . . . . . . . . . . . 1 . . . . . . . . . Construction Impeded 3 | . . . . . . . . . . . 1 . . . . . 1 . . . . . . . 1 . Haulers Reinforced 5 | . . . . . . . . . . . 2 . . . . . . . . . . 1 . . 2 . Active Scanning Responses . | . . . . . . . . . . . . . . . . . . . . . . . . . . . Cargo Convoy Interrupts 1 | . . . . . . . . . 1 . . . . . . . . . . . . . . . . . Stealth | -11 -10 -10 -9 -9 -8 -8 -8 -8 -6 -6 -6 -5 -5 -5 -5 -4 -4 -4 -4 -4 -3 -3 -3 -2 -1 -1 --------- Run | Yrd Mat Min Mat Min Mat Sto Rec Scr Fac Was Fac Fac Upp Upp Zhi Pro Fac Upp Upp War Pro Res Tes Res Acc Com Distress Signals 19 | . 3 . 3 . 1 2 . . 3 . 3 . . . . . . . . 2 . . 1 . 1 . Communications Jammed 53 | . . . . . . . . . . . . . . . . . 2 . . . 1 12 8 . 30 . Distress Signals 50 | . . . . . . . . . . . . . . . . . 2 . . . . 12 6 . 30 . Times Spotted 524 | . 21 . 44 14 28 35 1 . 32 . 93 31 5 9 . 2 6 15 5 40 4 9 24 21 76 9 Peak Tracking Total 13 | . 3 . 7 4 4 6 1 . 11 . 6 5 3 5 . 1 2 5 4 13 3 3 4 4 7 4 Tactical Retreats 24 | . 1 . 3 1 . 2 . . . . 5 1 . . . . . 1 . 3 . 1 . 2 4 . ECM-based Alert Blocks 3 | . . . . . . . . . . . . . . . . . . . . . . 2 . . 1 . Traps | -11 -10 -10 -9 -9 -8 -8 -8 -8 -6 -6 -6 -5 -5 -5 -5 -4 -4 -4 -4 -4 -3 -3 -3 -2 -1 -1 ------- Run | Yrd Mat Min Mat Min Mat Sto Rec Scr Fac Was Fac Fac Upp Upp Zhi Pro Fac Upp Upp War Pro Res Tes Res Acc Com Traps Triggered 18 | . 1 . 4 . 1 1 . . 1 . . 4 . . . . . . . . . . 1 2 2 1 Indirectly . | . . . . . . . . . . . . . . . . . . . . . . . . . . . Trap Hack Attempts . | . . . . . . . . . . . . . . . . . . . . . . . . . . . Triggered . | . . . . . . . . . . . . . . . . . . . . . . . . . . . Disarmed . | . . . . . . . . . . . . . . . . . . . . . . . . . . . Reprogrammed . | . . . . . . . . . . . . . . . . . . . . . . . . . . . Reused . | . . . . . . . . . . . . . . . . . . . . . . . . . . . Traps Extracted . | . . . . . . . . . . . . . . . . . . . . . . . . . . . Installed . | . . . . . . . . . . . . . . . . . . . . . . . . . . . Triggered . | . . . . . . . . . . . . . . . . . . . . . . . . . . . Most Traps Carried 2 | . . . . . . . . . . . . . 2 2 2 1 1 . . . . . . . . . Machines | -11 -10 -10 -9 -9 -8 -8 -8 -8 -6 -6 -6 -5 -5 -5 -5 -4 -4 -4 -4 -4 -3 -3 -3 -2 -1 -1 ---------- Run | Yrd Mat Min Mat Min Mat Sto Rec Scr Fac Was Fac Fac Upp Upp Zhi Pro Fac Upp Upp War Pro Res Tes Res Acc Com Machines Disabled 40 | . . . 4 2 3 3 . . 3 . 5 1 . . . . 1 3 . 1 . . 9 . 5 . Max in Single Turn 3 | . . . 1 1 1 1 . . 1 . 3 1 . . . . 1 1 . 1 . . 1 . 1 . Garrison Access 2 | . . . . . . 1 . . . . 1 . . . . . . . . . . . . . . . Energy Cycler 1 | . . . . . . . . . . . . . . . . . . . . . . . . . 1 . Machines Repaired . | . . . . . . . . . . . . . . . . . . . . . . . . . . . Machines Dismantled 1 | . . . . . . 1 . . . . . . . . . . . . . . . . . . . . Machines Sabotaged . | . . . . . . . . . . . . . . . . . . . . . . . . . . . Overloaded Fab Kills . | . . . . . . . . . . . . . . . . . . . . . . . . . . . Hacking | -11 -10 -10 -9 -9 -8 -8 -8 -8 -6 -6 -6 -5 -5 -5 -5 -4 -4 -4 -4 -4 -3 -3 -3 -2 -1 -1 --------- Run | Yrd Mat Min Mat Min Mat Sto Rec Scr Fac Was Fac Fac Upp Upp Zhi Pro Fac Upp Upp War Pro Res Tes Res Acc Com Machines Accessed 128 | . 8 . 13 2 8 9 12 2 7 . 18 9 2 . 4 . 4 1 1 4 . 7 10 1 6 . Terminals 61 | . 5 . 8 1 5 6 5 . 4 . 8 4 . . . . 1 1 . . . 4 6 . 3 . Fabricators 6 | . . . . . . . . . 1 . 2 1 . . . . 1 . . . . . 1 . . . Repair Stations 6 | . 1 . 1 . . 2 . . . . 1 . . . . . . . . . . 1 . . . . Recycling Units 26 | . 2 . 2 . 1 . 7 . 2 . 5 3 . . . . 2 . . . . 1 . . 1 . Scanalyzers 9 | . . . 2 . 2 . . . . . 1 . . . . . . . . . . 1 2 1 . . Garrison Access 6 | . . . . . . 1 . . . . 1 1 . . . . . . . . . . 1 . 2 . Total Hacks 323 | . 25 . 39 4 20 25 29 17 14 . 34 27 7 . 17 . 9 6 1 10 . 13 15 5 6 . Successful 194 | . 10 . 28 2 10 19 21 17 6 . 16 11 7 . 17 . 2 6 1 10 . 4 4 3 . . Failed 127 | . 15 . 10 2 9 6 8 . 8 . 18 16 . . . . 7 . . . . 9 11 2 6 . Catastrophic 21 | . 2 . 1 . . . 1 . 3 . 5 3 . . . . . . . . . 1 3 . 2 . Database Lockouts 2 | . . . 1 . 1 . . . . . . . . . . . . . . . . . . . . . Manual 126 | . 17 . 15 3 8 9 23 . 6 . 17 14 . . . . 7 . . . . 2 3 . 2 . Terminals 166 | . 14 . 26 3 14 18 22 . 8 . 16 19 . . . . 2 6 . . . 5 10 . 3 . Fabricators 9 | . . . . . . . . . 2 . 3 2 . . . . 1 . . . . . 1 . . . Repair Stations 22 | . 7 . 2 . . 5 . . . . 4 . . . . . . . . . . 4 . . . . Recycling Units 40 | . 4 . 2 . 1 . 7 . 4 . 8 5 . . . . 6 . . . . 2 . . 1 . Scanalyzers 26 | . . . 9 . 5 . . . . . 2 . . . . . . . . . . 2 3 5 . . Garrison Access 7 | . . . . . . 2 . . . . 1 1 . . . . . . . . . . 1 . 2 . Terminal Hacks 100 | . 2 . 11 2 2 7 7 17 2 . 1 4 7 . 17 . . 6 1 10 . 2 2 . . . Record 38 | . . . . . . . . 16 . . . . 6 . 5 . . 6 . 5 . . . . . . Part Schematic 9 | . . . . . . 2 2 . 1 . . . . . 4 . . . . . . . . . . . Robot Schematic 1 | . . . . . . . . . . . . 1 . . . . . . . . . . . . . . Robot Analysis 5 | . . . . . . . 1 . . . . . . . 4 . . . . . . . . . . . Prototype ID Bank 18 | . 1 . 3 1 . . 2 . . . . 2 . . 4 . . . . 4 . 1 . . . . Open Door 5 | . . . . 1 . . . . . . . . 1 . . . . . 1 1 . . 1 . . . Branch Access Points 4 | . . . 1 . 1 . . . 1 . . . . . . . . . . . . 1 . . . . Terminal Index 3 | . . . 1 . . . 1 . . . . . . . . . . . . . . . 1 . . . Alert Level 5 | . . . 2 . . 1 1 . . . 1 . . . . . . . . . . . . . . . Unreport Threat 3 | . . . 1 . . 2 . . . . . . . . . . . . . . . . . . . . Recall Reinforcements 1 | . . . 1 . . . . . . . . . . . . . . . . . . . . . . . Hauler Manifests 1 | . . . 1 . . . . . . . . . . . . . . . . . . . . . . . Registered Components 4 | . . . 1 . 1 1 . . . . . 1 . . . . . . . . . . . . . . Zone Layout 2 | . 1 . . . . 1 . . . . . . . . . . . . . . . . . . . . Proto ID Catalog 1 | . . . . . . . . 1 . . . . . . . . . . . . . . . . . . Fabricator Hacks 4 | . . . . . . . . . 2 . . 2 . . . . . . . . . . . . . . Load Schematic 2 | . . . . . . . . . 1 . . 1 . . . . . . . . . . . . . . Build 2 | . . . . . . . . . 1 . . 1 . . . . . . . . . . . . . . Repair Station Hacks 16 | . 4 . 2 . . 5 . . . . 4 . . . . . . . . . . 1 . . . . Scan Component 9 | . 2 . 1 . . 3 . . . . 2 . . . . . . . . . . 1 . . . . Repair 7 | . 2 . 1 . . 2 . . . . 2 . . . . . . . . . . . . . . . Recycling Unit Hacks . | . . . . . . . . . . . . . . . . . . . . . . . . . . . Scanalyzer 17 | . . . 6 . 4 . . . . . 2 . . . . . . . . . . . 2 3 . . Insert Component 2 | . . . 1 . 1 . . . . . . . . . . . . . . . . . . . . . Analyze 2 | . . . 1 . 1 . . . . . . . . . . . . . . . . . . . . . Retrieve Study 13 | . . . 4 . 2 . . . . . 2 . . . . . . . . . . . 2 3 . . Garrison Access Hacks 2 | . . . . . . 1 . . . . 1 . . . . . . . . . . . . . . . Seal Access 2 | . . . . . . 1 . . . . 1 . . . . . . . . . . . . . . . Unauthorized Hacks 55 | . 4 . 9 . 4 6 14 . 2 . 8 5 . . . . 2 . . . . 1 . . . . Terminals 32 | . 2 . 7 . 3 6 7 . 1 . 3 3 . . . . . . . . . . . . . . Botnet 16 | . 2 . 2 . 2 2 2 . 1 . 3 2 . . . . . . . . . . . . . . Operators 1 | . . . . . . . . . . . . 1 . . . . . . . . . . . . . . Skim 15 | . . . 5 . 1 4 5 . . . . . . . . . . . . . . . . . . . Fabricators 1 | . . . . . . . . . . . . . . . . . 1 . . . . . . . . . Download 1 | . . . . . . . . . . . . . . . . . 1 . . . . . . . . . Repair Stations . | . . . . . . . . . . . . . . . . . . . . . . . . . . . Recycling Units 22 | . 2 . 2 . 1 . 7 . 1 . 5 2 . . . . 1 . . . . 1 . . . . Tunnel 12 | . 2 . 2 . 1 . 7 . . . . . . . . . . . . . . . . . . . Fedlink 5 | . . . . . . . . . 1 . 1 1 . . . . 1 . . . . 1 . . . . Scrapoids 5 | . . . . . . . . . . . 4 1 . . . . . . . . . . . . . . Scanalyzers . | . . . . . . . . . . . . . . . . . . . . . . . . . . . Garrison Access . | . . . . . . . . . . . . . . . . . . . . . . . . . . . Data Cores Recovered 3 | . 1 . 1 . . 1 . . . . . . . . . . . . . . . . . . . . Used 1 | . 1 . . . . . . . . . . . . . . . . . . . . . . . . . Hacking Detections 88 | . 7 . 9 1 7 9 3 . 5 . 13 7 . . . . 3 1 . . . 7 9 1 6 . Full Trace Events 9 | . 2 . . . . . . . 1 . 2 3 . . . . 1 . . . . . . . . . Feedback Events . | . . . . . . . . . . . . . . . . . . . . . . . . . . . Feedback Blocked . | . . . . . . . . . . . . . . . . . . . . . . . . . . . Robot Schematics Acquired 3 | . . . . . . . . . . . . 1 . . . . 1 . . . . . 1 . . . Robots Built . | . . . . . . . . . . . . . . . . . . . . . . . . . . . Authchips . | . . . . . . . . . . . . . . . . . . . . . . . . . . . Time . | . . . . . . . . . . . . . . . . . . . . . . . . . . . Total Robot Build Rating . | . . . . . . . . . . . . . . . . . . . . . . . . . . . Part Schematics Acquired 12 | . . . 1 . 1 2 2 . 1 . . . . . 4 . . . . . . . 1 . . . Parts Built 3 | . . . . . . . . . 2 . . 1 . . . . . . . . . . . . . . Authchips 1 | . . . . . . . . . 1 . . . . . . . . . . . . . . . . . Time 137 | . . . . . . . . . 31 . . 106 . . . . . . . . . . . . . . Total Part Build Rating 16 | . . . . . . . . . 10 . . 6 . . . . . . . . . . . . . . Part Studies Acquired 13 | . . . 4 . 2 . . . . . 2 . . . . . . . . . . . 2 3 . . Parts Repaired 7 | . 2 . 1 . . 2 . . . . 2 . . . . . . . . . . . . . . . Time 242 | . 52 . 32 . . 70 . . . . 88 . . . . . . . . . . . . . . . Parts Recycled . | . . . . . . . . . . . . . . . . . . . . . . . . . . . Recycled Matter . | . . . . . . . . . . . . . . . . . . . . . . . . . . . Retrieved Matter . | . . . . . . . . . . . . . . . . . . . . . . . . . . . Retrieved Components . | . . . . . . . . . . . . . . . . . . . . . . . . . . . Parts Scanalyzed 2 | . . . 1 . 1 . . . . . . . . . . . . . . . . . . . . . Part Schematics Acquired 2 | . . . 1 . 1 . . . . . . . . . . . . . . . . . . . . . Parts Damaged . | . . . . . . . . . . . . . . . . . . . . . . . . . . . Bothacking | -11 -10 -10 -9 -9 -8 -8 -8 -8 -6 -6 -6 -5 -5 -5 -5 -4 -4 -4 -4 -4 -3 -3 -3 -2 -1 -1 ------------ Run | Yrd Mat Min Mat Min Mat Sto Rec Scr Fac Was Fac Fac Upp Upp Zhi Pro Fac Upp Upp War Pro Res Tes Res Acc Com Used RIF Installer . | . . . . . . . . . . . . . . . . . . . . . . . . . . . Robots Hacked . | . . . . . . . . . . . . . . . . . . . . . . . . . . . Non-combat . | . . . . . . . . . . . . . . . . . . . . . . . . . . . Combat . | . . . . . . . . . . . . . . . . . . . . . . . . . . . Robot Hacks Applied . | . . . . . . . . . . . . . . . . . . . . . . . . . . . Relay Couplers Released 3 | . . . . . . . . . . . . . . . . . . . . . . . 3 . . . Programmers 3 | . . . . . . . . . . . . . . . . . . . . . . . 3 . . . Fabnet Peak Effective % . | . . . . . . . . . . . . . . . . . . . . . . . . . . . Robots Rewired 13 | . . . . . . . 13 . . . . . . . . . . . . . . . . . . . Allies Hacked 7 | . . . . . . . . . 7 . . . . . . . . . . . . . . . . . Hacks Repelled . | . . . . . . . . . . . . . . . . . . . . . . . . . . . Allies | -11 -10 -10 -9 -9 -8 -8 -8 -8 -6 -6 -6 -5 -5 -5 -5 -4 -4 -4 -4 -4 -3 -3 -3 -2 -1 -1 -------- Run | Yrd Mat Min Mat Min Mat Sto Rec Scr Fac Was Fac Fac Upp Upp Zhi Pro Fac Upp Upp War Pro Res Tes Res Acc Com Total Allies 44 | . . . . 4 . . 13 . 1 . 21 5 . . . . . . . . . . . . . . Largest Group 12 | . . . . 3 2 . 12 12 12 . 7 5 5 3 1 1 1 . . . . . . . . . Highest-Rated Group 241 | . . . . 40 32 . 241 241 241 . 196 238 235 141 47 47 47 . . . . . . . . . Highest-Rated Ally 86 | . . . . 31 16 . 34 34 46 . 86 50 47 47 47 47 47 . . . . . . . . . Initial UFD Resources 70 | . . . . . . . . . 24 34 34 29 36 36 36 39 39 49 49 49 53 53 63 66 70 70 Total Orders 2 | . . . . . . . . . 1 . 1 . . . . . . . . . . . . . . . RETURN 2 | . . . . . . . . . 1 . 1 . . . . . . . . . . . . . . . Ally Attacks 285 | . . . . 10 14 . . . 65 . 118 21 28 19 . 8 2 . . . . . . . . . Total Damage 5340 | . . . . 145 139 . . . 1685 . 1922 355 500 426 . 140 28 . . . . . . . . . Kills 52 | . . . . 2 2 . . . 15 . 17 2 6 3 . 4 1 . . . . . . . . . Allies Corrupted . | . . . . . . . . . . . . . . . . . . . . . . . . . . . Allies Melted 1 | . . . . . . . . . . . . . . . . . . . . 1 . . . . . . Intel | -11 -10 -10 -9 -9 -8 -8 -8 -8 -6 -6 -6 -5 -5 -5 -5 -4 -4 -4 -4 -4 -3 -3 -3 -2 -1 -1 ------- Run | Yrd Mat Min Mat Min Mat Sto Rec Scr Fac Was Fac Fac Upp Upp Zhi Pro Fac Upp Upp War Pro Res Tes Res Acc Com Active Infowar (turns) 30630 | 41 1358 484 2989 1929 1530 1791 173 3035 881 315 2071 1218 473 631 176 483 432 1313 550 1968 748 550 1478 833 2757 423 Optics 1831 | . . . . . . . . . . . . . . . . . . . . . . . . . 1408 423 Sensors 12686 | . . 4 . . . . . . . . 1019 1134 402 475 171 483 354 1211 466 1685 726 441 1209 703 2194 9 Structural 11691 | . . . . . . . . . 2 . 95 741 472 631 176 483 432 1305 550 1968 748 550 865 513 2150 10 Traps 1 | . . . . . . . . . . . . . . . . . . 1 . . . . . . . . Seismic 20089 | 41 1358 480 2989 1929 1530 1791 173 3035 879 315 1668 . . . . . . . . . . . . 827 2710 364 Decoding 927 | . . . . . . . . . . . . . . . . . . . . . . 546 381 . . . Machine Analysis 4003 | . . . . . . . . . . . . . . . . . . . . . . . . 828 2757 418 Cloaking 2 | . . . . . . . . . . . . . . . . . . . . 2 . . . . . . Jamming 9093 | . . . . . . . . . . . 9 . . . . . 420 1283 550 1128 729 550 1478 820 2126 . ECM 45 | . . . . . . . . . . . . . . . . . . . . . . 17 . . 28 . Robot Analysis Total 5 | . . . . . . . 1 . . . . . . . 4 . . . . . . . . . . . Derelict Logs Recovered 11 | . . . . 2 . . . . . . . . 2 1 . 1 . 3 2 . . . . . . . Drone Launches 41 | . . . . . . . . . 33 . 8 . . . . . . . . . . . . . . . Drone Recoveries 38 | . . . . . . . . . 30 . 8 . . . . . . . . . . . . . . . Decoded 0b10 Intel 20 | . . . . . . . . . . . . . . . . . . . . . . 13 7 . . . Traps 19 | . . . . . . . . . . . . . . . . . . . . . . 13 6 . . . Emergency Access 1 | . . . . . . . . . . . . . . . . . . . . . . . 1 . . . Exploration | -11 -10 -10 -9 -9 -8 -8 -8 -8 -6 -6 -6 -5 -5 -5 -5 -4 -4 -4 -4 -4 -3 -3 -3 -2 -1 -1 ------------- Run | Yrd Mat Min Mat Min Mat Sto Rec Scr Fac Was Fac Fac Upp Upp Zhi Pro Fac Upp Upp War Pro Res Tes Res Acc Com Turns Passed 36380 | 149 1382 485 3784 2098 1836 2251 2673 3035 1025 315 2990 1503 478 645 176 483 432 1313 550 1968 748 550 1484 833 2757 437 Spaces Moved 17532 | 53 590 297 1199 625 482 577 786 1262 591 237 1569 946 356 519 154 420 296 939 377 1158 395 389 923 551 1597 244 Core 143 | 3 . . 1 . . . . 110 . . 1 . . . . . . . . . . . . . . 28 Treads 5301 | 50 590 297 1198 625 482 577 786 696 . . . . . . . . . . . . . . . . . . Legs . | . . . . . . . . . . . . . . . . . . . . . . . . . . . Wheels 12088 | . . . . . . . . 456 591 237 1568 946 356 519 154 420 296 939 377 1158 395 389 923 551 1597 216 Hover . | . . . . . . . . . . . . . . . . . . . . . . . . . . . Flight . | . . . . . . . . . . . . . . . . . . . . . . . . . . . Fastest Speed 50 | 50 160 160 160 320 305 305 320 50 115 130 103 110 110 110 100 110 110 110 110 110 120 100 100 110 99 50 Average Speed 164 | 153 160 160 253 320 309 313 320 232 128 130 124 118 110 110 100 110 110 119 119 120 120 101 106 110 118 108 Slowest Speed 1850 | 160 160 160 1050 320 320 320 320 320 160 130 1850 120 110 110 110 110 110 120 120 130 120 110 110 110 325 136 Overloaded Moves . | . . . . . . . . . . . . . . . . . . . . . . . . . . . Propulsion Burnouts . | . . . . . . . . . . . . . . . . . . . . . . . . . . . Robots Hopped . | . . . . . . . . . . . . . . . . . . . . . . . . . . . Potential Cave-ins 2 | . . . . . . . . . . . . . . . . . . . . . . . . . 2 . Cave-ins Triggered . | . . . . . . . . . . . . . . . . . . . . . . . . . . . Exploration Rate (%) 56 | 3 78 45 95 98 32 93 99 83 14 97 45 18 60 69 60 67 11 92 55 88 63 11 86 12 49 10 Regions Visited 26 Branch Regions 15 Pre-discovered Areas 31 | . 2 . 4 . 1 1 12 4 . . 1 . 1 . 3 . . 1 1 . . . . . . . Known Exits Taken 20 | . . . 1 1 1 1 . 1 . . 1 1 1 1 1 1 1 1 1 1 1 1 1 1 1 . Unknown Exits Taken 4 | 1 1 1 . . . . 1 . . . . . . . . . . . . . . . . . . . Scrap Searched 22 | . . 1 . 1 . . . 2 . . . . 2 3 . 4 . 3 4 . 2 . . . . . Spaces Dug 159 | . . . 7 . . . . . 2 . 8 14 4 2 . 18 6 29 1 . . 1 34 5 20 8 Terrain Destroyed 682 | . 6 . 57 . . . . . 7 . 92 87 34 46 . 39 19 38 8 11 . 9 48 16 153 12 Melee 15 | . . . . . . . . . . . 6 4 . . . . 4 1 . . . . . . . . Projectile 192 | . . . . . . . . . 7 . 5 11 8 6 . . 5 16 8 11 . 9 28 16 50 12 AOE 474 | . 6 . 57 . . . . . . . 80 72 26 40 . 39 10 21 . . . . 20 . 103 . Terrain Rammed . | . . . . . . . . . . . . . . . . . . . . . . . . . . . Walls Destroyed . | . . . . . . . . . . . . . . . . . . . . . . . . . . . Machines Disabled . | . . . . . . . . . . . . . . . . . . . . . . . . . . . Actions | -11 -10 -10 -9 -9 -8 -8 -8 -8 -6 -6 -6 -5 -5 -5 -5 -4 -4 -4 -4 -4 -3 -3 -3 -2 -1 -1 --------- Run | Yrd Mat Min Mat Min Mat Sto Rec Scr Fac Was Fac Fac Upp Upp Zhi Pro Fac Upp Upp War Pro Res Tes Res Acc Com Total 22773 | 83 890 307 1762 680 689 858 938 1364 787 245 2203 1204 419 571 179 437 383 1082 455 1691 657 487 1253 701 2106 342 Wait 2395 | . 171 . 308 11 82 97 35 44 45 . 180 128 15 14 1 7 44 75 42 424 238 48 122 67 173 24 Move 17507 | 52 589 296 1198 624 481 576 785 1261 591 236 1568 945 355 518 153 419 295 938 376 1157 394 388 922 550 1596 244 Hop . | . . . . . . . . . . . . . . . . . . . . . . . . . . . Pick Up 335 | 6 25 3 42 6 13 21 1 28 23 2 49 6 7 2 2 1 5 6 3 15 . 9 12 11 33 4 Fast Attach 206 | 7 2 1 12 1 1 13 . 8 16 . 37 2 4 2 6 2 3 3 5 19 2 . 31 4 18 7 Attach 108 | . 2 . 3 1 4 4 . . 6 . 33 7 2 . . . 2 4 2 2 2 3 2 4 16 9 Detach 33 | . . . . 1 1 2 . 4 1 . 9 1 3 . . . . . . 4 . 1 3 . 2 1 Swap 496 | 1 8 2 58 8 25 31 2 3 29 2 58 40 6 13 3 2 15 26 9 14 11 9 30 17 70 4 Drop 407 | . 17 4 50 8 19 35 1 16 34 2 44 2 8 5 14 3 7 4 6 32 4 3 42 12 29 6 Fire 1103 | 17 74 1 87 16 61 71 2 . 42 . 203 52 19 17 . 3 8 25 12 24 6 26 89 36 169 43 Melee 49 | . . . . . 1 . . . . . 22 21 . . . . 4 1 . . . . . . . . Ram . | . . . . . . . . . . . . . . . . . . . . . . . . . . . Kick . | . . . . . . . . . . . . . . . . . . . . . . . . . . . Crush 12 | . 2 . 4 4 1 . 1 . . . . . . . . . . . . . . . . . . . Escape Stasis . | . . . . . . . . . . . . . . . . . . . . . . . . . . . Rewire 114 | . . . . . . . 111 . . 3 . . . . . . . . . . . . . . . . Trap . | . . . . . . . . . . . . . . . . . . . . . . . . . . . Miscellaneous 8 | . . . . . . 8 . . . . . . . . . . . . . . . . . . . . Route ------- -11/Scrapyard -10/Materials (discovered 6 exits: *Mat x3 / [*Min x2] / [*Sub]) -10/Mines -9/Materials (discovered 4 exits: *Mat x3 / *Min) -9/Mines (discovered 3 exits: *Mat x2 / [*Zio]) -8/Materials (discovered 2 exits: Fac / *Sto) -8/Storage (discovered 2 exits: *Fac / *Rec) -8/Recycling (discovered 2 exits: *Fac / *Scr) -8/Scraptown (discovered 2 exits: *Fac x2) -6/Factory (discovered 2 exits: Low x2) -6/Waste -6/Factory -5/Factory (discovered 3 exits: *Fac / *Upp x2) -5/Upper Caves -5/Upper Caves (discovered 2 exits: *Fac / *Zhi) -5/Zhirov -4/Proximity Caves -4/Factory (discovered 3 exits: Res x2 / *Upp) -4/Upper Caves -4/Upper Caves (discovered 2 exits: Res / *War) -4/Warlord -3/Proximity Caves -3/Research (discovered 5 exits: Res x2 / Arm / *Tes x2) -3/Testing -2/Research -1/Access (discovered 2 exits: Sur / *Com) -1/Command History --------- Turn | Location | Event 8 | -11/Scrapyard | Discovered new exit (range 14) 150 | -11/Scrapyard | Entered Materials 313 | -10/Materials | Build established: Mutant 681 | -10/Materials | Discovered new exit (range 6) 761 | -10/Materials | Discovered new exit (range 9) 849 | -10/Materials | Discovered new exit (range 8) 1047 | -10/Materials | Discovered new exit (range 16) 1249 | -10/Materials | Repaired Assault Rifle 1276 | -10/Materials | Repaired Lgt. Treads 1342 | -10/Materials | Discovered new exit (range 15) 1439 | -10/Materials | Discovered new exit (range 13) 1532 | -10/Materials | Entered Mines 1551 | -10/Mines | Met a Derelict bent on vengeance 1574 | -10/Mines | Found a damaged Exp. Sensor Array with a note attached 1578 | -10/Mines | Found Prototype Device 1578 | -10/Mines | Identified Exp. Sensor Array 1721 | -10/Mines | Discovered new exit (range 10) 1938 | -10/Mines | Assembled infested the area 2017 | -10/Mines | Entered Materials 2017 | -9/Materials | Evolved 2 slots: Utility x1, Weapon x1 2132 | -9/Materials | Central database locked down 2616 | -9/Materials | Build established: Tank 2758 | -9/Materials | Repaired Beam Rifle+ 3345 | -9/Materials | Build established: Scavenger-Tank 3987 | -9/Materials | Discovered new exit (range 14) 4308 | -9/Materials | Discovered new exit (range 16) 4643 | -9/Materials | Identified exit to Mines 4838 | -9/Materials | Loaded intel: 16 trap records 4883 | -9/Materials | Identified exit to Materials 4920 | -9/Materials | Learned location of Recycling (-8) 4986 | -9/Materials | Learned Storage stockpile data 5094 | -9/Materials | Learned location of 1 exit from Storage 5801 | -9/Materials | Entered Mines 5971 | -9/Mines | Learned location of 1 exit from Materials 6104 | -9/Mines | Received a Mining Laser from a helpful Derelict 6485 | -9/Mines | Assisted by bots powering up and referring to "LRC-V3" 7141 | -9/Mines | A Derelict revealed a hidden shortcut to a safe place 7519 | -9/Mines | Found the Drone Emporium 7531 | -9/Mines | Found Prototype Device 7531 | -9/Mines | Identified Splice Drone Bay 7899 | -9/Mines | Entered Materials 7899 | -8/Materials | Accompanied by 2 allies 7899 | -8/Materials | Evolved 2 slots: Utility x2 7900 | -8/Materials | Identified exit to Factory 7901 | -8/Materials | Identified exit to Storage 8364 | -8/Materials | Garrison activated, responded to threat 8840 | -8/Materials | Garrison activated, responded to threat 8949 | -8/Materials | Build established: Scavenger-Gunner 9473 | -8/Materials | Central database locked down 9735 | -8/Materials | Entered Storage 9736 | -8/Storage | Identified exit to Recycling 10107 | -8/Storage | Repaired Hvy. Assault Rifle+ 10330 | -8/Storage | Met 01-MTF 10591 | -8/Storage | Build established: Tank 10700 | -8/Storage | Garrison activated, responded to threat 11145 | -8/Storage | Build established: Gunner 11296 | -8/Storage | Repaired Imp. Heat Sink 11414 | -8/Storage | Learned location of Armory (-3) 11434 | -8/Storage | Discovered exit to Factory (range 16) 11986 | -8/Storage | Entered Recycling 11986 | -8/Recycling | Accompanied by 2 allies (01-MTF) 11987 | -8/Recycling | Joined Warlord attack on 0b10 via Recycling 12875 | -8/Recycling | Build established: Commander-Gunner 12913 | -8/Recycling | Scanned before Scraplab entrance 12992 | -8/Recycling | Entered Scraplab 13082 | -8/Recycling | Discovered new exit (range 2) 13835 | -8/Recycling | Identified exit to Factory 14004 | -8/Recycling | Learned Storage trap positions 14070 | -8/Recycling | Learned 2 Lower Caves zone layouts 14110 | -8/Recycling | Learned 2 Storage zone layouts 14222 | -8/Recycling | Learned location of Zion (-7) 14659 | -8/Recycling | Entered Scraptown 14659 | -8/Scraptown | Accompanied by 12 allies 15560 | -8/Scraptown | Heard Great Nut preacher, LISTEN AND RECITE! 15669 | -8/Scraptown | Discovered exit to Factory (range 13) 15884 | -8/Scraptown | Visited Symbiants 16066 | -8/Scraptown | Visited Comm Corps 16114 | -8/Scraptown | Visited IN-MT5's Study 16175 | -8/Scraptown | Visited Cyclists 16194 | -8/Scraptown | Visited Shadow of the Wyrm 16514 | -8/Scraptown | Visited UFD Registry 16514 | -8/Scraptown | Registered with UFD as "Fiberrigger" 16594 | -8/Scraptown | Visited Science Guys 16696 | -8/Scraptown | Visited Curators Association 16802 | -8/Scraptown | Visited Botcube Research 16844 | -8/Scraptown | Visited Junk Repository 17050 | -8/Scraptown | Visited Infowarlord's Domain 17089 | -8/Scraptown | Visited Chapter 10 17117 | -8/Scraptown | Visited A0-MCA Data Center 17125 | -8/Scraptown | Given an A- rating by A0-MCA 17176 | -8/Scraptown | Visited Cartography Club 17235 | -8/Scraptown | Learned location of Lower Caves (-6) 17235 | -8/Scraptown | Learned location of Warlord (-4) 17235 | -8/Scraptown | Learned 12 Factory zone layouts 17235 | -8/Scraptown | Learned 8 Research zone layouts 17235 | -8/Scraptown | Learned 4 Access zone layouts 17235 | -8/Scraptown | Learned 4 Mines zone layouts 17235 | -8/Scraptown | Learned 4 Storage zone layouts 17235 | -8/Scraptown | Learned 8 Upper Caves zone layouts 17235 | -8/Scraptown | Learned 20 Upper Caves zone layouts 17235 | -8/Scraptown | Learned Materials emergency access door positions 17235 | -8/Scraptown | Learned location of 2 exits from Research 17235 | -8/Scraptown | Learned location of 1 exit from Lower Caves 17246 | -8/Scraptown | Found Deep Structural Scanner 17454 | -8/Scraptown | Found Scrap Suit 17547 | -8/Scraptown | Met Optimus 17547 | -8/Scraptown | Accepted into 0bPrime 17694 | -8/Scraptown | Entered Factory 17694 | -6/Factory | Accompanied by 12 allies 17694 | -6/Factory | Evolved 4 slots: Propulsion x1, Utility x3 17911 | -6/Factory | Watched by a mysterious "MATRIX" hacker 17942 | -6/Factory | Fabricated Coil Gun (x2) 18229 | -6/Factory | Identified exit to Lower Caves 18232 | -6/Factory | Lost 3 allies 18240 | -6/Factory | Cargo convoy interrupted 18318 | -6/Factory | Lost 8 allies 18332 | -6/Factory | Destroyed 7 combat bots 18547 | -6/Factory | Loaded intel: 8 recycling unit locations 18719 | -6/Factory | Sucked down chute 18719 | -6/Factory | Entered Waste 18719 | -6/Waste | The area was eerily silent 18797 | -6/Waste | Build established: Scavenger-Tank 19000 | -6/Waste | Discovered new exit (range 13) 19034 | -6/Waste | Entered Factory 19295 | -6/Factory | Garrison activated, responded to threat 19376 | -6/Factory | Destroyed 7 combat bots 19608 | -6/Factory | Garrison activated, responded to threat 19762 | -6/Factory | Lost 17 parts (5n7u5w) 20081 | -6/Factory | Build established: Scavenger-Mutant 20323 | -6/Factory | Core integrity fell below 50% 20463 | -6/Factory | Repaired Hvy. Rocket Launcher 20508 | -6/Factory | Repaired Imp. Medium Armor Plating 20849 | -6/Factory | Loaded intel: 8 recycling unit locations 20849 | -6/Factory | Learned location of Protoforge (-2) 20939 | -6/Factory | Destroyed 7 combat bots 20986 | -6/Factory | Lost 5 parts (1p1n1u2w) 21118 | -6/Factory | Core integrity fell below 20% 21173 | -6/Factory | Lost 8 parts (1p2n3u2w) 21218 | -6/Factory | Scrapoids reinforcements arrived? 21253 | -6/Factory | Discovered new exit (range 8) 21268 | -6/Factory | Identified exit to Factory 21405 | -6/Factory | Found Scrap Suit 21418 | -6/Factory | Garrison activated, responded to threat 21430 | -6/Factory | Attached CPS modules to 06F06-D 21432 | -6/Factory | Attached CPS modules to 06F04-D 21449 | -6/Factory | Found Scrap Suit 21468 | -6/Factory | Scrapoids reinforcements arrived? 21484 | -6/Factory | First assault squad dispatched 21527 | -6/Factory | Found Scrap Suit 21556 | -6/Factory | Lost 5 allies 21562 | -6/Factory | Scrapoids reinforcements arrived? 21636 | -6/Factory | Lost 6 allies 21641 | -6/Factory | Found Scrap Suit 21698 | -6/Factory | Build established: Scavenger-Scrapper 21788 | -6/Factory | Scrapoids reinforcements arrived? 21846 | -6/Factory | Lost 5 allies 22024 | -6/Factory | Entered another Factory area 22024 | -5/Factory | Evolved 2 slots: Utility x1, Weapon x1 22025 | -5/Factory | Identified exit to Upper Caves 22057 | -5/Factory | Loaded intel: 8 recycling unit locations 23112 | -5/Factory | Discovered new exit (range 16) 23133 | -5/Factory | Identified exit to Factory 23140 | -5/Factory | Discovered exit to Upper Caves (range 18) 23278 | -5/Factory | Fabricated Hvy. Shock Bomb Launcher (x1) 23483 | -5/Factory | Scrapoids reinforcements arrived? 23527 | -5/Factory | Entered Upper Caves 23527 | -5/Upper Caves | Accompanied by 5 allies 23528 | -5/Upper Caves | Identified exit to Upper Caves 23589 | -5/Upper Caves | Attracted the attention of an 0b10 checkpoint 23685 | -5/Upper Caves | Found Scrap Suit 23764 | -5/Upper Caves | Learned location of 1 exit from Factory 23766 | -5/Upper Caves | Learned 4 Factory zone layouts 23846 | -5/Upper Caves | Entered an active Warlord outpost 23859 | -5/Upper Caves | Learned Factory security intel 23859 | -5/Upper Caves | Learned Extension emergency access door positions 23923 | -5/Upper Caves | Encountered a Warlord checkpoint 24005 | -5/Upper Caves | Entered another Upper Caves area 24005 | -5/Upper Caves | Accompanied by 4 allies 24005 | -5/Upper Caves | Discovered exit to Factory (range 7) 24007 | -5/Upper Caves | Discovered new exit (range 118) 24169 | -5/Upper Caves | Encountered a Warlord checkpoint 24175 | -5/Upper Caves | Learned location of 1 exit from Factory 24647 | -5/Upper Caves | Attracted the attention of an 0b10 checkpoint 24649 | -5/Upper Caves | Identified exit to Zhirov 24650 | -5/Upper Caves | Entered Zhirov 24650 | -5/Zhirov | Accompanied by 1 ally 24654 | -5/Zhirov | Discovered new exit (range 3) 24655 | -5/Zhirov | Identified exit to Proximity Caves 24672 | -5/Zhirov | Met Zhirov 24701 | -5/Zhirov | Zhirov requested help retrieving the SGEMP Prototype 24716 | -5/Zhirov | Found Alien Artifact 24716 | -5/Zhirov | Identified Integrated Dissipator 24716 | -5/Zhirov | Installed Integrated Dissipator, increased core heat dissipation (+20) 24732 | -5/Zhirov | Found Alien Artifact 24826 | -5/Zhirov | Entered Proximity Caves 24826 | -4/Proximity Caves | Accompanied by 1 ally 24835 | -4/Proximity Caves | Learned Research emergency access door positions 24941 | -4/Proximity Caves | Spotter reported a threat 24950 | -4/Proximity Caves | Spotter reported a threat 25241 | -4/Proximity Caves | Discovered exit to Factory (range 13) 25309 | -4/Proximity Caves | Entered Factory 25309 | -4/Factory | Accompanied by 1 ally 25309 | -4/Factory | Evolved 2 slots: Power x1, Utility x1 25310 | -4/Factory | Identified exit to Research 25311 | -4/Factory | Identified exit to Upper Caves 25437 | -4/Factory | Found Unknown Device 25437 | -4/Factory | Identified Quantum Capacitor 25521 | -4/Factory | Loaded intel: 8 recycling unit locations 25559 | -4/Factory | Search patrols dispatched 25741 | -4/Factory | Entered Upper Caves 25771 | -4/Upper Caves | Learned 8 Research zone layouts 25805 | -4/Upper Caves | Attracted the attention of an 0b10 checkpoint 25841 | -4/Upper Caves | Learned Research garrison access intel 25917 | -4/Upper Caves | Identified exit to Upper Caves 25938 | -4/Upper Caves | Encountered a Warlord checkpoint 26041 | -4/Upper Caves | Found Alien Artifact 26041 | -4/Upper Caves | Identified Core Expander 26041 | -4/Upper Caves | Installed Core Expander, added new Utility slot 26198 | -4/Upper Caves | Entered a destroyed Warlord outpost 26923 | -4/Upper Caves | Attracted the attention of an 0b10 base 26961 | -4/Upper Caves | Learned Extension garrison access intel 26961 | -4/Upper Caves | Learned Extension security intel 26961 | -4/Upper Caves | Learned Research security intel 26961 | -4/Upper Caves | Learned 6 Lower Caves zone layouts 27054 | -4/Upper Caves | Entered another Upper Caves area 27118 | -4/Upper Caves | Discovered exit to Research (range 11) 27507 | -4/Upper Caves | Attracted the attention of an 0b10 checkpoint 27522 | -4/Upper Caves | Discovered new exit (range 18) 27603 | -4/Upper Caves | Identified exit to Warlord 27604 | -4/Upper Caves | Entered Warlord 27636 | -4/Warlord | Discovered new exit (range 14) 27648 | -4/Warlord | Identified exit to Proximity Caves 27969 | -4/Warlord | Found Prototype Reactor 27969 | -4/Warlord | Identified Vortex Chain Reactor 27973 | -4/Warlord | Found Prototype Device 27973 | -4/Warlord | Identified Exp. Cloaking Device 27980 | -4/Warlord | Found Prototype Processor 27980 | -4/Warlord | Identified Exp. Core Analyzer 27983 | -4/Warlord | Found Prototype Device 27983 | -4/Warlord | Identified Thermal Barrier 28052 | -4/Warlord | Found Prototype Special Weapon 28052 | -4/Warlord | Identified RU-N14's Throwing Claymores v3 28063 | -4/Warlord | Found RU-N14's Throwing Claymores v3 28067 | -4/Warlord | Found RU-N14's Throwing Claymores v3 28387 | -4/Warlord | Warlord's base attacked by MAIN.C 28722 | -4/Warlord | Found Prototype Piercing Weapon 28722 | -4/Warlord | Identified Vortex Lance 28725 | -4/Warlord | Found Prototype Energy Cannon 28725 | -4/Warlord | Identified Vortex Cannon 28737 | -4/Warlord | Warlord forces counterattacked 28817 | -4/Warlord | P-80 Master assimilated allied 69-MX2(g) 28818 | -4/Warlord | Spotted Executioner 28819 | -4/Warlord | Spotted Striker 28824 | -4/Warlord | Spotted Executioner 28824 | -4/Warlord | Attached CPS modules to Executioner 28832 | -4/Warlord | Spotted B-90 Cyclops 28832 | -4/Warlord | Destroyed Striker 28849 | -4/Warlord | Destroyed Executioner 28876 | -4/Warlord | Lost 18 allies 28889 | -4/Warlord | Spotted Striker 28919 | -4/Warlord | P-70 Sage assimilated allied EF-XZM(g) 28931 | -4/Warlord | Spotted B-90 Cyclops 28950 | -4/Warlord | Spotted Striker 28963 | -4/Warlord | Destroyed Striker 28966 | -4/Warlord | Destroyed B-90 Cyclops 28978 | -4/Warlord | Lost 3 parts (1u2w) 28986 | -4/Warlord | Found Prototype Processor 28987 | -4/Warlord | Identified Exp. Targeting Computer 28997 | -4/Warlord | Lost 13 allies 29062 | -4/Warlord | Warlord base infiltrated, sounded retreat 29062 | -4/Warlord | Spotted Executioner 29071 | -4/Warlord | Destroyed Executioner 29084 | -4/Warlord | Found Exp. Targeting Computer 29148 | -4/Warlord | Lost 12 allies 29572 | -4/Warlord | Entered Proximity Caves 29743 | -3/Proximity Caves | Spotter reported a threat 30075 | -3/Proximity Caves | Discovered exit to Research (range 7) 30190 | -3/Proximity Caves | Received a Behemoth hack from an annoying Tinkerer 30320 | -3/Proximity Caves | Entered Research 30320 | -3/Research | Evolved 2 slots: Propulsion x1, Utility x1 30321 | -3/Research | Identified exit to Testing 30322 | -3/Research | Identified exit to Research 30326 | -3/Research | Loaded intel: 4 garrison access locations 30710 | -3/Research | Identified exit to Armory 30771 | -3/Research | Loaded intel: 5 recycling unit locations 30870 | -3/Research | Entered Testing 30914 | -3/Testing | Found Prototype Device 30914 | -3/Testing | Identified Exp. Focal Shield 30938 | -3/Testing | Build established: Scavenger-Skirmisher 30944 | -3/Testing | Found Prototype Launcher 30944 | -3/Testing | Identified Z-bomb Delivery System 31114 | -3/Testing | Found Prototype Energy Gun 31114 | -3/Testing | Identified Tachyon Dispersion Ray 31146 | -3/Testing | Spotted Striker 31150 | -3/Testing | Spotted Striker 31247 | -3/Testing | Found Prototype Protection 31247 | -3/Testing | Identified Med. Regenerative Plating 31252 | -3/Testing | Found Prototype Protection 31252 | -3/Testing | Identified Hvy. Regenerative Plating 31330 | -3/Testing | Found Prototype Launcher 31330 | -3/Testing | Identified Adv. Micro-nuke Launcher 31439 | -3/Testing | Found Prototype Protection 31439 | -3/Testing | Identified SHELL Armor 31551 | -3/Testing | Build established: Scavenger-Gunner 31767 | -3/Testing | Found Prototype Ballistic Cannon 31767 | -3/Testing | Identified Omega Cannon 31874 | -3/Testing | System corruption reached 10% 32013 | -3/Testing | Found Prototype Energy Cannon 32013 | -3/Testing | Identified Null Cannon 32273 | -3/Testing | Discovered exit to Research (range 11) 32354 | -3/Testing | Entered Research 32354 | -2/Research | Evolved 2 slots: Utility x2 32579 | -2/Research | Found Gamma Bomb Array 32665 | -2/Research | Build established: Scavenger-Skirmisher 32772 | -2/Research | Discovered new exit (range 14) 32777 | -2/Research | Destroyed 8 combat bots 32824 | -2/Research | Identified exit to Access 33187 | -2/Research | Entered Access 33187 | -1/Access | Evolved 2 slots: Propulsion x2 33188 | -1/Access | Identified exit to Surface 33604 | -1/Access | Energy Cycler disabled 34184 | -1/Access | Found Vortex Chain Reactor 34188 | -1/Access | Found Vortex Chain Reactor 34200 | -1/Access | System corruption reached 10% 34259 | -1/Access | Found Vortex Chain Reactor 34273 | -1/Access | Lost 4 parts (2n1u1w) 34802 | -1/Access | System corruption reached 30% 34937 | -1/Access | First assault squad dispatched 35424 | -1/Access | Lost 4 parts (3n1w) 35431 | -1/Access | Destroyed 8 combat bots 35507 | -1/Access | Found Gamma Bomb Array+ 35509 | -1/Access | Found Gamma Bomb Array+ 35934 | -1/Access | Discovered new exit (range 8) 35943 | -1/Access | Identified exit to Command 35944 | -1/Access | Entered Command 36261 | -1/Command | Build established: Scavenger-Gunner 36303 | -1/Command | Spotted M Guard 36303 | -1/Command | Spotted M Guard 36304 | -1/Command | Spotted Combat Programmer 36304 | -1/Command | Spotted Combat Programmer 36344 | -1/Command | Destroyed Combat Programmer 36359 | -1/Command | Core integrity fell below 50% 36365 | -1/Command | Core integrity fell below 20% 36367 | -1/Command | Released all parts (6) 36381 | -1/Command | Destroyed by P-80 Master with Gamma Rifle Last Messages --------------- 36359_ Knocked back. 36361_ The unstable cave ceiling collapses. 36362_ Penetrated by EMDS Slug. 36362_ Machine Analyzer destroyed. 36364_ The unstable cave ceiling collapses. 36364_ Adv. Signal Interpreter destroyed. 36364_ Knocked back. 36365_ The unstable cave ceiling collapses. 36367_ Penetrated by EMDS Slug. 36367_ Wheel+ destroyed. 36367_ Released Adv. Visual Processing Unit. 36367_ Released Exp. Core Analyzer. 36367_ Released Exp. Targeting Computer. 36367_ Released Huge Storage Unit. 36367_ Released Adv. Heat Sink. 36367_ Released Enh. Nova Cannon. 36369_ The unstable cave ceiling collapses. 36372_ System corrupted: Energy discharge (-7). 36373_ The unstable cave ceiling collapses. 36379_ Penetrated by EMDS Slug. Map ----- +----------------------------------------------------+ | ?????????????????????????????????????????????????? | | ?????????????????????????????????????????????????? | | ?????????????????????????????????????????????????? | | ?????????????????????????????????????????????????? | | ?????????????????????????????????????????????????? | | ?????????????????????????????????????????????????? | | ?????????????????????????????????????????????????? | | ???????????????????????? ####????????????????????? | | ??????""?""???????????## +???????????????????? | | ??????""R""??????????? #???????????????????? | | ???????""""?????????? +???????????????????? | | ?????????????????????? p #???????????????????? | | ?????????????????????? #???????????????????? | | ???????????########### #???????????????????? | | ???????????# #? #???????????????????? | | ???????????# +? #???????????????????? | | ???????????# "" #?# #???+#??????????????? | | ???????????# """" #?# #??? #??????????????? | | ???????????# """" #?# #??? #??????????????? | | #??????????#! "" #?# #??? #??????????????? | | #######????? ??# #??? #??????????????? | | ## #??????? ????# #??? #??????????????? | | ##########+#######k #### #??????????????? | | / k#??????????????? | | / #??????????????? | | / @ +??????????????? | | / #??????????????? | | / +??""""????????? | | #### ###+############ k#??""""????????? | | ## #??# # # # #??""""????????? | | #####??# # # + w #??""""????????? | | #?????# % # !!! # "# #??????????????? | | ##?????# # !! # "# ################ | | ###??????# # !! # "# | | #????????# # # T# | | ?????????# # # ! "# | | ?????????# # # "# | | ?????????# # # "# | | ????????? ########## ?# ##+############# | | ????????? #????????# ?# # #??????? | | ????????? #????????# ?# # #??????? | | ????????? #????????#####?# # ! #??????? | | ????????? #??????????????# # ! #??????? | | ????????? ???????????????# # ! #??????? | | ??????????# ???????????????# # #??????? | | ????????????????????????????# # #??????? | | ????????????????????????????# ######+##??????? | | ???????????????????????????? ?# #???????? | | ???????????????????????????? ?# #???????? | | ???????????????????????????!####### #?# #???????? | +----------------------------------------------------+ Best States ------------- Heat Dissipation 124 Energy Generation 55 Energy Capacity 725 Matter Stores 300 Matter Capacity 800 Sight Range 20 Robot Scan Range 20 Terrain Scan Density 10 ECM Strength 2 Jamming Range 16 Additional Mass Support 12 Base Temperature (-) 200 Armor Coverage 900 Resistance: TH 20 Resistance: EM 25 Point Defense Rating 240 Weapon Cycling 15 Evasion (%) 50 Targeting Accuracy 12 Core Analysis 8 Recoil Reduction 2 Offensive Hacking 14 Authchip Count 1 Item Schematics ----------------- Transport Network Coupler | -9/Materials | Scanalyzed Imp. Light Armor Plating | -8/Materials | Scanalyzed Coil Gun | -8/Storage | Hacked Angular Momentum Engine | -8/Storage | Hacked Hvy. Particle Cannon | -8/Recycling | Hacked Minigun | -8/Recycling | Hacked Hvy. Shock Bomb Launcher | -6/Factory | Hacked Assault Drone Bay | -5/Zhirov | Free Exp. Heat Sink | -5/Zhirov | Free Exp. Optical Array | -5/Zhirov | Free Imp. Arc Thrower | -5/Zhirov | Free Hvy. Neutron Cannon | -3/Testing | Archive Robot Schematics ------------------ G-50 Soldier | -5/Factory | Hacked P-70 Sage | -4/Factory | Downloaded A-02 Transporter | -3/Testing | Archive Fabricated ------------ Coil Gun | x2 | -6/Factory | Authchip Hvy. Shock Bomb Launcher | x1 | -5/Factory Repaired ---------- Assault Rifle | 30% | -10/Materials Lgt. Treads | 60% | -10/Materials Beam Rifle | 38% | -9/Materials Hvy. Assault Rifle | 14% | -8/Storage Imp. Heat Sink | 50% | -8/Storage Hvy. Rocket Launcher | 7% | -6/Factory Imp. Medium Armor Plating | 1% | -6/Factory Studied --------- Hvy. Assault Rifle | -9/Materials | Hacked Mni. Grenade Launcher | -9/Materials | Hacked Assault Rifle | -9/Materials | Hacked Beam Rifle | -9/Materials | Hacked Wheel | -8/Materials | Hacked Rocket Launcher | -8/Materials | Hacked Gauss Rifle | -6/Factory | Hacked Minigun | -6/Factory | Hacked Coil Gun | -3/Testing | Hacked Lgt. Antimatter Reactor | -3/Testing | Hacked Com. Wheel | -2/Research | Hacked Gamma Bomb Array | -2/Research | Hacked Particle Reactor | -2/Research | Hacked Alien Tech Used ----------------- Integrated Dissipator Core Expander Achievements -------------- None Challenges ------------ None Game ------ Seed RocketHoverScreen Manual? 0 Play Time 05:00:13 Cumulative 501.2 hours Start 2026.07.05 @ 00:29:56 End 2026.07.05 @ 16:55:31 Sessions 7 Manual Loads 0 Difficulty Rogue Special Mode None Game No. 291 Rogue 291 Adventurer 0 Explorer 0 Win Type - Total 23 Types 12/1/4/2/1/0/1/2/0/0 Lore% 94 Gallery% 83 Achievement% 76 Wizard Run 0 Options --------- Layout 1 ASCII 0 Keyboard 0 Movement Mouse Keybinds 0 Fullscreen 2 Font 32/SmallcapsGlow Map View 50x35 Zoom Use 0% Tactical HUD 1 Map Filters NONE Filters NONE Steam 1 RUN: e7e79380-e291-4f54-aa20-122c19e7caad